AoeStats
← nicerboi

Arena

507827178Analyzed
4v4 RM · 14d ago on Sep 19, 2026· 71m 53s· 8 players
Game mode
Random Map
Map size
Large (8 player)
Population
200
Speed
Normal
Resources
Standard
Victory
Conquest
Starting age
Dark Age
Ending age
Imperial Age
RankedLock teamsTeams togetherTeam positionsShared explorationLock speedFull tech treeHidden civsTurbo modeCheats
Victory
Defeat
🇫🇮 Dravidians · Finland
1339
+14
🇨🇱 Malay · Chile
1339
+14
🇺🇸 Hindustanis · United States
1338
+14
🇩🇪 Burgundians · Germany
1287
+17
🇵🇱 Celts · Poland
1348
-16
🇨🇿 Bohemians · Czechia
1301
-15
🇬🇧 Poles · United Kingdom
1280
-14
🇨🇿 Romans · Czechia
1276
-14
Chiripa605
10:22 Feudal Age
14:37 Castle Age
12:59 Double-Bit Axe
13:22 Horse Collar
15:39 Bow Saw
17:25 Loom
27:08 Imperial Age
24:58 Fletching
25:50 Gold Mining
27:04 Masonry
32:00 Bodkin Arrow
36:39 Wheelbarrow
38:18 Hand Cart
40:21 Heavy Plow
43:54 Bracer
48:43 Chemistry
50:36 Padded Archer Armor
52:32 Padded Archer Armor
53:05 Conscription
54:03 Leather Archer Armor
54:45 Shatagni
54:50 Scale Mail Armor
55:52 Chain Mail Armor
57:51 Forging
60:28 Scale Barding Armor
60:37 Bloodlines
60:27 Husbandry
59:49 Light Cavalry
61:52 Chain Barding Armor
62:33 Iron Casting
62:03 Hussar
63:29 Plate Barding Armor
64:39 Two-Man Saw
65:39 Grand Trunk Road
65:50 Caravan
66:44 Iron Casting
68:26 Blast Furnace
71:54 Gold Shaft Mining
71:54 Coinage
71:42 Siege Elephant
nicerboi
4:28 Double-Bit Axe
8:41 Horse Collar
11:36 Feudal Age
15:35 Castle Age
14:04 Heavy Plow
16:34 Bow Saw
23:41 Wheelbarrow
27:54 Two-Man Saw
27:26 Cavalier
27:56 Loom
28:29 Hand Cart
30:53 Imperial Age
28:58 Scale Barding Armor
29:34 Forging
31:46 Chain Barding Armor
34:58 Paladin
37:36 Plate Barding Armor
36:48 Town Watch
41:06 Scale Mail Armor
40:51 Pikeman
42:12 Squires
42:48 Iron Casting
42:29 Chain Mail Armor
42:49 Arson
42:47 Halberdier
45:06 Blast Furnace
47:13 Plate Mail Armor
51:06 Chemistry
49:47 Treadmill Crane
50:23 Masonry
49:57 Capped Ram
52:15 Conscription
53:01 Coinage
56:54 Man-at-Arms
57:32 Long Swordsman
59:22 Two-Handed Swordsman
60:38 Caravan
61:56 Champion
DD2E D10 Bulldozer
9:27 Feudal Age
9:04 Double-Bit Axe
9:46 Horse Collar
17:14 Castle Age
17:01 Bow Saw
17:59 Scale Barding Armor
21:50 Husbandry
22:44 Forging
26:07 Wheelbarrow
27:31 Hand Cart
27:59 Heavy Plow
28:46 Loom
30:27 Gold Mining
30:29 Stone Mining
34:13 Imperial Age
33:45 Iron Casting
34:18 Gold Shaft Mining
33:48 Elite Battle Elephant
35:34 Blast Furnace
39:11 Conscription
38:12 Elite Karambit Warrior
41:14 Forced Levy
40:50 Man-at-Arms
41:32 Squires
41:17 Arson
41:54 Pikeman
42:22 Long Swordsman
43:02 Halberdier
44:07 Two-Handed Swordsman
53:54 Crop Rotation
67:57 Chemistry
70:09 Siege Engineers
Sunday x Junior
10:40 Feudal Age
11:48 Double-Bit Axe
11:44 Horse Collar
16:06 Castle Age
15:52 Fletching
21:28 Loom
25:00 Bodkin Arrow
26:51 Town Watch
27:38 Bow Saw
30:17 Wheelbarrow
31:24 Padded Archer Armor
31:31 Husbandry
32:37 Ballistics
34:18 Leather Archer Armor
40:43 Heavy Plow
46:09 Imperial Age
44:02 Hand Cart
44:14 Medical Corps
46:52 Bracer
47:59 Chemistry
47:16 Thumb Ring
47:54 Conscription
47:24 Elite Elephant Archer
51:54 Two-Man Saw
51:25 Ring Archer Armor
60:04 Scale Barding Armor
60:10 Forging
60:57 Light Cavalry
61:59 Chain Barding Armor
62:14 Iron Casting
67:12 Guilds
67:56 Town Patrol
68:45 Iron Casting
71:40 Caravan
somaster94
11:33 Feudal Age
15:43 Castle Age
13:48 Horse Collar
14:11 Double-Bit Axe
16:51 Bow Saw
16:48 Heavy Plow
20:29 Wheelbarrow
22:01 Hand Cart
22:26 Gold Mining
22:27 Stone Mining
23:00 Town Watch
28:19 Imperial Age
25:56 Scale Barding Armor
26:01 Forging
26:57 Chain Barding Armor
26:25 Loom
28:19 Iron Casting
28:04 Bloodlines
27:54 Husbandry
29:11 Szlachta Privileges
28:39 Cavalier
30:45 Blast Furnace
30:33 Crop Rotation
32:52 Stone Shaft Mining
31:59 Light Cavalry
33:30 Winged Hussar
34:32 Lechitic Legacy
34:32 Conscription
40:51 Hoardings
43:17 Elite Obuch
45:59 Capped Ram
46:58 Caravan
47:20 Scale Mail Armor
47:46 Murder Holes
47:57 Siege Engineers
48:03 Masonry
48:53 Chemistry
48:14 Ballistics
47:35 Treadmill Crane
48:07 Fortified Wall
48:20 Siege Ram
50:56 Coinage
53:19 Onager
GoodFunHaveLuck
10:40 Feudal Age
14:29 Castle Age
13:43 Double-Bit Axe
15:06 Loom
Kaer Morhen
8:10 Loom
10:30 Feudal Age
14:43 Castle Age
12:57 Double-Bit Axe
13:01 Horse Collar
19:39 Wheelbarrow
25:17 Imperial Age
24:41 Bow Saw
27:17 Hand Cart
29:10 Chemistry
30:39 Man-at-Arms
30:40 Pikeman
36:12 Heavy Plow
35:50 Halberdier
37:18 Conscription
37:22 Scale Mail Armor
37:32 Forging
39:29 Chain Mail Armor
43:04 Iron Casting
43:50 Plate Mail Armor
43:40 Town Watch
45:48 Blast Furnace
45:18 Padded Archer Armor
46:12 Squires
48:19 Two-Man Saw
47:59 Leather Archer Armor
49:15 Ring Archer Armor
52:17 Fortified Wall
53:03 Elite Skirmisher
53:35 Fletching
54:57 Caravan
56:33 Bodkin Arrow
57:17 Bracer
59:22 Houfnice
62:18 Siege Engineers
62:34 Ballistics
62:27 Masonry
pavifa
11:48 Feudal Age
13:02 Loom
15:52 Castle Age
14:02 Horse Collar
14:17 Double-Bit Axe
17:10 Gold Mining
18:23 Forging
24:21 Bloodlines
24:11 Husbandry
26:54 Iron Casting
26:28 Husbandry
29:39 Wheelbarrow
31:55 Fortified Wall
33:06 Heavy Plow
33:41 Bow Saw
36:48 Imperial Age
34:40 Hand Cart
38:06 Gold Shaft Mining
37:23 Stone Mining
40:16 Chemistry
40:55 Crop Rotation
39:58 Pikeman
40:39 Scale Mail Armor
41:40 Blast Furnace
40:53 Halberdier
41:50 Chain Mail Armor
42:12 Squires
42:33 Town Watch
45:14 Ballistics
45:01 Ballistas
45:17 Conscription
46:13 Town Patrol
46:40 Siege Engineers
46:41 Heavy Scorpion
48:38 Masonry
48:01 Capped Ram
48:59 Caravan
50:55 Architecture
50:08 Siege Ram
53:20 Elite Centurion
54:24 Comitatenses
53:25 Man-at-Arms
54:42 Long Swordsman
55:48 Legionary
57:11 Coinage
56:41 Cavalier
58:18 Guilds
67:17 Banking
Connection lost

Rejoining the realm…

Still unreachable

The connection could not be restored.

Session expired

The server has moved on; the page needs a fresh start.